 Dungeon Crawl Stone Soup version 0.22-a0-558-gc224181 (webtiles) character file.

77 Firecrotchwizard the Chopper (level 4, 0/38 HPs)
             Began as a Minotaur Gladiator on June 26, 2018.
             Slain by an ogre
             ... wielding a +0 giant spiked club
              (13 damage)
             ... on level 2 of the Dungeon.
             The game lasted 00:01:59 (1301 turns).

Firecrotchwizard the Chopper (Minotaur Gladiator)   Turns: 1301, Time: 00:02:00

Health: 0/38       AC:  8    Str: 19    XL:     4   Next: 13%
Magic:  3/3        EV:  7    Int:  5    God:
Gold:   57         SH:  5    Dex: 12    Spells: 3/3 levels left

rFire    . . .     SeeInvis .   a - +0 war axe
rCold    . . .     Gourm    .   q - +2 buckler
rNeg     . . .     Faith    .   i - +0 chain mail
rPois    .         Spirit   .   c - +0 hat
rElec    .         Reflect  .   (no cloak)
rCorr    .         Harm     .   (no gloves)
MR       .....                  (no boots)
Stlth    ..........             (no amulet)
HPRegen  0.12/turn              (no ring)
MPRegen  0.08/turn              (no ring)

@: no status effects
A: retaliatory headbutt, horns 2
a: no special abilities


You were on level 2 of the Dungeon.
You were not hungry.

You visited 1 branch of the dungeon, and saw 2 of its levels.

You collected 57 gold pieces.

Inventory:

Hand Weapons
 a - a +0 war axe (weapon)
Missiles
 d - 3 throwing nets {=f, !d}
Armour
 b - a +0 leather armour
 c - a +0 hat (worn)
 i - a +0 chain mail (worn)
   (You found it on level 1 of the Dungeon)
 o - a +0 pair of gloves
   (You found it on level 2 of the Dungeon)
 q - a +2 buckler (worn)
   (You found it on level 2 of the Dungeon)
Jewellery
 l - an uncursed amulet of the acrobat {unknown}
   (You found it on level 1 of the Dungeon)
Scrolls
 h - a scroll of remove curse
 j - a scroll of identify {unknown}
 n - a scroll of random uselessness {unknown}
 p - a scroll of blinking {unknown}
 s - a scroll of noise {unknown}
 t - a scroll of enchant weapon {unknown}
Potions
 e - a potion of degeneration {unknown}
 k - a potion of mutation {unknown}
 m - a potion of might {unknown}
 r - a potion of heal wounds {unknown}
Comestibles
 f - 2 rations {@e1}
 g - 4 chunks of flesh {@w0}


   Skills:
 + Level 3.5 Fighting
 * Level 5.3 Axes
 - Level 2.0 Throwing
 - Level 3.2 Dodging
 + Level 0.7 Shields


You had 3 spell levels left.
You didn't know any spells.
Your spell library was empty.

Dungeon Overview and Level Annotations

Branches:
Dungeon (2/15)

Altars:
Okawaru
Uskayaw


Innate Abilities, Weirdness & Mutations

You reflexively headbutt those who attack you in melee.
You have a pair of horns on your head.


Message History

You see here 17 stones.
Found an escape hatch in the floor.
Health restored: 31 A hobgoblin comes into view.
It is wielding a club.
The hobgoblin shouts!
A hobgoblin is nearby!
No target in view!
No target in view!
No target in view!
The hobgoblin is too close now for your liking.
A hobgoblin is nearby!
You closely miss the hobgoblin. The hobgoblin barely misses you.
You slash the hobgoblin!
You kill the hobgoblin!
No target in view!
You see here a club.
You now have 57 gold pieces (gained 5).
A giant cockroach comes into view.
A giant cockroach is nearby!
A giant cockroach is nearby!
The giant cockroach bites you.
You take 1 damage, and have 30/31 hp.
You closely miss the giant cockroach.
The giant cockroach bites you but does no damage. x2
Health restored: 31 You slash the giant cockroach!
You kill the giant cockroach!
You butcher the giant cockroach corpse.
g - 9 chunks of flesh {@w0} (gained 2)
Found a hide-covered altar of Uskayaw.
Some of the chunks of flesh in your inventory have rotted away.
A worm comes into view.
A hobgoblin comes into view. It is wielding a club.
You slash the worm!
You kill the worm!
You have reached level 4!
You feel stronger.
Health restored: 38; MP restored: 3 The hobgoblin hits you but does no damage.
You see here a scroll labeled LUAMIG EZXI.
You hit the hobgoblin. Your headbutt misses the hobgoblin.
The hobgoblin hits you but does no damage.
You hit the hobgoblin.
You kill the hobgoblin!
No target in view!
s - a scroll labeled LUAMIG EZXI You butcher the worm corpse.
g - 5 chunks of flesh {@w0} (gained 1)
A dart slug comes into view.
The dart slug launches a dart at you. The slug dart hits you!
You see here a club.
A dart slug is nearby!
The dart slug bites you.
You take 2 damage, and have 36/38 hp.
You hit the dart slug but do no damage.
The dart slug bites you but does no damage.
You slash the dart slug!
You headbutt the dart slug, but do no damage.
You hit the dart slug. The dart slug launches a dart at you.
The slug dart hits you!
You take 4 damage, and have 33/38 hp.
You hit the dart slug.
You kill the dart slug!
Some of the chunks of flesh in your inventory have rotted away.
No target in view!
You see here a club.
t - a scroll labeled UKIKAENGIR A worm comes into view.
You regained 2 hp, and now have 36/38 hp.
A worm is nearby!
A worm is nearby!
You slash the worm! You hit the worm.
You kill the worm!
No target in view!
You butcher the worm corpse.
g - 5 chunks of flesh {@w0} (gained 1)
An ogre comes into view. It is wielding a giant spiked club.
The ogre shouts!
An ogre is nearby!
The ogre barely misses you.
A goblin comes into view.
Health restored: 38 The goblin shouts!
You hit the ogre.
The ogre hits you with a giant spiked club!
You take 9 damage, and have 29/38 hp.
MASSIVE DAMAGE!!
You completely miss the ogre.
Some of the chunks of flesh in your inventory have rotted away.
You hit the ogre.
The ogre hits you with a giant spiked club!
You take 16 damage, and have 13/38 hp.
MASSIVE DAMAGE!!
You hit the ogre. You block the ogre's attack.
You hit the ogre.
The ogre hits you with a giant spiked club!
You die...

############ .. ...
............#
#.####.#########............
........gO................>
#.....# #@###..#.########.
##.#.....###.....)........... ..
..........###..#.######...
##.###...###.###..#.########.
.............................
##.##......#.###..#.##.##.###
###.##..#.#.#..##..#.##.#.....
................................
#..##.##..#......##..#.##.......


You could see an ogre and a goblin.

Vanquished Creatures
  An adder (D:2)
  3 worms (D:2)
  2 dart slugs
  3 leopard geckos
  2 giant cockroaches (D:2)
  4 hobgoblins
  5 jackals (D:1)
  A quokka (D:2)
  11 bats
  3 frilled lizards
  6 goblins
  4 kobolds
  5 rats
50 creatures vanquished.

Notes
Turn   | Place    | Note
-------+----------+-------------------------------------------
     0 | D:1      | Firecrotchwizard the Minotaur Gladiator began the quest for the Orb.
     0 | D:1      | Reached XP level 1. HP: 18/18 MP: 0/0
    94 | D:1      | Reached skill level 4 in Axes
   128 | D:1      | Reached XP level 2. HP: 19/25 MP: 1/1
   423 | D:1      | Reached skill level 3 in Fighting
   572 | D:1      | Reached XP level 3. HP: 28/31 MP: 2/2
   932 | D:2      | Reached skill level 5 in Axes
  1023 | D:2      | Found an iron altar of Okawaru.
  1210 | D:2      | Found a hide-covered altar of Uskayaw.
  1243 | D:2      | Reached XP level 4. HP: 38/38 MP: 3/3
  1295 | D:2      | Noticed an ogre
  1301 | D:2      | Slain by an ogre

Vault maps used:
D:1:      grunt_arrival_crossed_arrows
D:2:      nicolae_overflow_crystal_walls, lemuel_round_altar, moated_statue,
          skrybe_limestone_x

Skill      XL: |  1  2  3 |
---------------+----------+-----
Axes           | 4 5 |  5.3
Fighting       | 3 |  3.5
Throwing       | |  2.0
Dodging        | |  3.2
Shields        | |  0.7

Action                   |  1- 3 |  4- 6 || total
-------------------------+-------+-------++-------
Melee: War axe           |    87 |    13 ||   100
       Headbutt          |    19 |     2 ||    21
  Use: Scroll            |     1 |       ||     1
  Eat: Chunk             |     1 |       ||     1
Armor: Leather armour    |     7 |       ||     7
       Chain mail        |    41 |     3 ||    44
Dodge: Dodged            |    56 |     1 ||    57
Block: Buckler           |    10 |     1 ||    11

Table legend:
 A = Spawn XP
 B = Non-spawn XP
 C = Spawn XP percentage of total XP
 D = Spawn monster count
 E = Non-spawn monster count
 F = Spawn count percentage of total count
 G = Total turns spent on level
                    A         B        C        D         E        F      G
               +---------+---------+-------+---------+---------+-------+---------
         Total |       0 |     110 |   0.0 |       0 |      50 |   0.0 |  1301
               +---------+---------+-------+---------+---------+-------+---------
           D:1 |       0 |      47 |   0.0 |       0 |      28 |   0.0 |   827
           D:2 |       0 |      63 |   0.0 |       0 |      22 |   0.0 |   474
               +---------+---------+-------+---------+---------+-------+---------

Vault maps used:
D:1:      grunt_arrival_crossed_arrows
D:2:      nicolae_overflow_crystal_walls, lemuel_round_altar, moated_statue,
          skrybe_limestone_x

Table legend:
 A = Turns spent in this place as a percentage of turns spent in the entire game.
 B = Non-inter-level travel turns spent in this place as a percentage of non-inter-level travel turns spent in the entire game.
 C = Inter-level travel turns spent in this place as a percentage of turns spent in this place.
 D = Turns resting spent in this place as a percentage of non-inter-level travel turns spent in this place.
 E = Turns spent auto-exploring this place as a percentage of non-inter-level travel turns spent in this place.
 F = Non-inter-level travel turns spent in this place divided by the number of levels of this place that you've seen.
                   A       B       C       D       E      F
               +-------+-------+-------+-------+-------+----------------------
         Total | 100.0 | 100.0 |   2.1 |   5.1 |  73.0 | 637.0
       Dungeon | 100.0 | 100.0 |   2.1 |   5.1 |  73.0 | 637.0
               +-------+-------+-------+-------+-------+----------------------

Table legend:
 A = Kills in this place as a percentage of kills in entire the game.
 B = Kills by you in this place as a percentage of kills by you in the entire game.
 C = Kills by friends in this place as a percentage of kills by friends in the entire game.
 D = Other kills in this place as a percentage of other kills in the entire game.
 E = Experience gained in this place as a percentage of experience gained in the entire game.
 F = Experience gained in this place divided by the number of levels of this place that you have seen.
                   A       B       C       D       E      F
               +-------+-------+-------+-------+-------+----------------------
         Total | 100.0 | 100.0 |   N/A |   N/A | 100.0 |  55.0
       Dungeon | 100.0 | 100.0 |   N/A |   N/A | 100.0 |  55.0
               +-------+-------+-------+-------+-------+----------------------
